 Dungeon Crawl Stone Soup version 0.19.1 (webtiles) character file.

3703 Jerry the Protected (level 9, -2/111 HPs)
             Began as a Deep Dwarf Fighter on Dec 26, 2016.
             Was a Follower of Makhleb.
             Slain by a cyclops (16 damage)
             ... on level 8 of the Dungeon.
             The game lasted 00:26:05 (6394 turns).

Jerry the Protected (Deep Dwarf Fighter)            Turns: 6394, Time: 00:26:06

Health: -2/111     AC: 24    Str: 20    XL:     9   Next: 91%
Magic:  11/11      EV:  2    Int:  9    God:    Makhleb [*.....]
Gold:   176        SH:  3    Dex: 15    Spells: 0 memorised, 8 levels left

rFire  . . .     SeeInvis .     F - +2 hand axe (flame)
rCold  . . .     Gourm    .     (armour currently unavailable)
rNeg   + + +     Faith    .     (no shield)
rPois  +         Spirit   .     (helmet currently unavailable)
rElec  .         Reflect  +     (cloak currently unavailable)
rCorr  +         Harm     .     (gloves currently unavailable)
MR     +....     NoTele   +     (boots currently unavailable)
Stlth  +.........               y - +3 amulet of reflection
                                H - ring of resist corrosion
                                G - ring of flight

@: tree-form, non-regenerating
A: damage resistance, recharge devices, sense surroundings 2, slow regeneration
3
a: Device Recharging, Renounce Religion


You were on level 8 of the Dungeon.
You worshipped Makhleb.
Makhleb was aware of your devotion.
You were not hungry.
You were a tree.
You visited 2 branches of the dungeon, and saw 9 of its levels.
You also visited: Sewer.

You collected 385 gold pieces.
You spent 209 gold pieces at shops.

Inventory:

Hand Weapons
 a - a +0 war axe
 F - a +2 hand axe of flaming (weapon)
Armour
 c - a +0 shield
 d - a cursed +0 plate armour (melded)
 t - a +0 chain mail
 x - a +0 pair of gloves (melded)
Jewellery
 y - a +3 amulet of reflection (around neck)
 G - a ring of flight (left branch)
 H - a ring of resist corrosion (right branch)
Wands
 e - a wand of heal wounds (1/9)
 A - a wand of lightning (8/15)
 I - a wand of iceblast (7/15)
 L - a wand of random effects (24/48)
 M - a wand of disintegration (4/24)
 O - a wand of iceblast (8/15)
Scrolls
 b - a scroll of blinking {unknown}
 g - 6 scrolls of identify
 h - a scroll of amnesia {unknown}
 j - 2 scrolls of noise {unknown}
 k - a scroll of magic mapping {unknown}
 m - 2 scrolls of random uselessness {unknown}
 o - 4 scrolls of recharging {unknown}
 p - 5 scrolls of teleportation {unknown}
 r - 4 scrolls of remove curse
 E - 3 scrolls of fog {unknown}
 N - a scroll of fear {unknown}
Potions
 i - a potion of cure mutation
 l - 6 potions of heal wounds
 q - a potion of magic
 u - a potion of ambrosia
 v - 5 potions of curing
 w - a potion of resistance {unknown}
 B - a potion of brilliance {unknown}
 C - 3 potions of agility {unknown}
 D - 4 potions of flight
 J - a potion of lignification
 K - a potion of degeneration {unknown}
Comestibles
 f - 6 bread rations
 n - 5 beef jerkies
 s - 7 chunks of flesh
 z - 2 meat rations
 P - 8 slices of pizza


   Skills:
 - Level 2.6 Fighting
 + Level 9.8 Axes
 + Level 9.9 Armour
 - Level 5.0 Dodging
 - Level 3.2 Shields
 + Level 7.1 Invocations


You had 8 spell levels left.
You didn't know any spells.

Dungeon Overview and Level Annotations

Branches:
Dungeon (8/15)             Temple (1/1) D:6
   Lair: D:8-11

Altars:
Ashenzari
Cheibriados
Dithmenos
Elyvilon
Fedhas
Gozag
Hepliaklqana
Kikubaaqudgha
Makhleb
Nemelex Xobeh
Okawaru
Qazlal
Ru
Sif Muna
Trog
Uskayaw
Vehumet
Xom
Yredelemnul
Zin
The Shining One

Shops:
D:6 }[!


Innate Abilities, Weirdness & Mutations

You are resistant to damage.
You can recharge devices by infusing magical energy.
You passively map the area around you.
You do not regenerate.


Message History

You hit the cyclops. You burn the cyclops.
The cyclops is moderately wounded.
The phantom blinks!
The cyclops hits you!
* * * LOW HITPOINT WARNING * * *
You hit the cyclops. You burn the cyclops.
The cyclops is moderately wounded.
You slash the cyclops! You burn the cyclops.
The cyclops is heavily wounded.
The cyclops hits you!
* * * LOW HITPOINT WARNING * * *
You hit the cyclops. You burn the cyclops.
The cyclops is severely wounded.
The cyclops hits you!
* * * LOW HITPOINT WARNING * * *
You completely miss the cyclops.
The cyclops is severely wounded.
You hit the cyclops but do no damage.
The cyclops is severely wounded.
The cyclops hits you!
You die...

###...# ###.....#
###.......##
####..........#
####.............#
#####................#
#....................#
#.....................
#...C♣((.......#......
*#.............###......
#...........(### #......
....W......### *#.......
.........### #........
.......... *#........
.........# ........
.........#* ,, .... , *
..... , , ,*


You could see a cyclops and a phantom.

Vanquished Creatures
  Pikel (D:6)
  Joseph (D:7)
  Sigmund (D:2)
  A human (D:8)
  A hungry ghost (D:8)
  A sky beast (D:8)
  An ice beast (D:6)
  An orc warrior (D:8)
  3 phantoms
  A slave (D:6)
  An ogre (D:8)
  2 centaurs
  A necrophage (D:6)
  The ghost of M4edhros the Grave Robber, an amateur OpNe (D:3)
  2 big kobolds (Sewer)
  2 bullfrogs
  2 scorpions
  6 killer bees (D:7)
  5 crimson imps
  2 quasits (D:7)
  3 orc priests
  4 hounds
  3 orc wizards
  Natasha (thrice) (D:2)
  6 worker ants
  Ijyb (D:2)
  A hound skeleton (D:6)
  3 gnolls (D:2)
  4 adders
  A shadow imp (D:8)
  3 oozes
  4 worms
  2 dart slugs
  7 leopard geckos
  18 orcs
  7 bats
  14 giant cockroaches
  4 goblins
  4 hobgoblins
  7 jackals
  21 kobolds
  A quokka (D:3)
  5 ball pythons
  8 frilled lizards
  A leopard gecko skeleton (D:5)
  A leopard gecko zombie (D:5)
  11 rats
183 creatures vanquished.

Notes
Turn   | Place    | Note
-------+----------+-------------------------------------------
     0 | D:1      | Jerry the Deep Dwarf Fighter began the quest for the Orb.
     0 | D:1      | Reached XP level 1. HP: 20/20 MP: 1/1
     1 | D:1      | Found a runed door.
   610 | D:1      | Reached skill level 1 in Dodging
   610 | D:1      | Reached XP level 2. HP: 21/27 MP: 2/2
   645 | D:1      | Reached XP level 3. HP: 22/33 MP: 3/3
   770 | D:2      | Noticed Natasha
   793 | D:2      | Killed Natasha
   793 | D:2      | Reached XP level 4. HP: 28/40 MP: 4/4
   971 | D:2      | Noticed Sigmund
   972 | D:2      | Noticed Natasha
  1028 | D:2      | Killed Sigmund
  1028 | D:2      | Reached skill level 5 in Armour
  1028 | D:2      | Reached XP level 5. HP: 23/46 MP: 5/5
  1029 | D:2      | Killed Natasha
  1029 | D:2      | Reached XP level 6. HP: 28/55 MP: 6/6
  1163 | D:2      | Noticed Natasha
  1171 | D:2      | Killed Natasha
  1241 | D:2      | Noticed Ijyb
  1244 | D:2      | Killed Ijyb
  1372 | D:3      | Noticed M4edhros's ghost (amateur OpNe)
  1382 | D:3      | Killed M4edhros's ghost
  1649 | D:3      | Reached skill level 5 in Axes
  1892 | D:3      | Reached XP level 7. HP: 46/61 MP: 6/6
  2615 | D:4      | Reached skill level 5 in Dodging
  2790 | D:5      | Entered Level 5 of the Dungeon
  3138 | D:5      | Found a glowing drain.
  3143 | Sewer    | Entered a sewer
  3349 | Sewer    | Reached XP level 8. HP: 37/68 MP: 6/6
  3936 | D:6      | Found Samimase's Distillery.
  3948 | D:6      | Bought a potion of invisibility for 88 gold pieces
  3948 | D:6      | Bought a potion of lignification for 33 gold pieces
  3948 | D:6      | Bought a potion of flight for 33 gold pieces
  3948 | D:6      | Bought a potion of heal wounds for 55 gold pieces
  3961 | D:6      | Found a burning altar of Makhleb.
  4070 | D:6      | Found Teoges's Armour Shop.
  4286 | D:6      | Found a staircase to the Ecumenical Temple.
  4295 | Temple   | Entered the Ecumenical Temple
  4550 | Temple   | Became a worshipper of Makhleb the Destroyer
  4621 | D:6      | Reached skill level 1 in Invocations
  4680 | D:6      | Noticed Pikel
  4710 | D:6      | Killed Pikel
  4710 | D:6      | Gained mutation: You passively map the area around you. [Deep Dwarf growth]
  4710 | D:6      | Reached XP level 9. HP: 55/74 MP: 7/9
  4992 | D:6      | Found Tonah's Gadget Emporium.
  5647 | D:7      | Reached skill level 5 in Invocations
  5788 | D:7      | Noticed Joseph
  5818 | D:7      | Killed Joseph
  6250 | D:8      | Reached * piety under Makhleb
  6374 | D:8      | Noticed a cyclops
  6394 | D:8      | Slain by a cyclops

Skill      XL: |  1  2  3  4  5  6  7  8  9 |
---------------+----------------------------+-----
Dodging        | 1 2 3 4 5 |  5.0
Armour         | 4 5 6 8 9 |  9.9
Axes           | 3 4 5 6 8 9 |  9.8
Invocations    | 3 7 |  7.1
Fighting       | |  2.6
Shields        | |  3.2

Action                   |  1- 3 |  4- 6 |  7- 9 || total
-------------------------+-------+-------+-------++-------
Melee: War axe           |    69 |   174 |   171 ||   414
       Hand axe          |       |       |   428 ||   428
 Abil: Device Recharging |       |     1 |     2 ||     3
Evoke: Wand              |     1 |     7 |     7 ||    15
  Use: Potion            |     1 |     1 |     4 ||     6
       Scroll            |       |     1 |     5 ||     6
 Stab: Invisible         |       |       |     6 ||     6
  Eat: Chunk             |       |     4 |    14 ||    18
       Bread ration      |       |       |     1 ||     1
       Pizza             |       |       |     1 ||     1
Armor: Scale mail        |    38 |    72 |       ||   110
       Chain mail        |       |       |   153 ||   153
       Plate armour      |       |       |   140 ||   140
Dodge: Dodged            |    41 |   125 |   257 ||   423
Block: Shield            |     4 |       |     1 ||     5
       Other             |       |       |    60 ||    60
       Reflection        |       |       |     1 ||     1
